3A
NEBRASKA PLAINSMEN @ MANCELONA TORCH
08/31/2031
 
TOP OF THE 1ST
Nebraska Plainsmen batting - Pitching for Mancelona Torch : LHP Raúl Hinojosa
Pitching: LHP Raúl Hinojosa
Batting: LHB Nathan Housden 0-0: Ball
1-0: Ball
2-0: Fly out, F6 (Line Drive, 56)
Batting: RHB Diego Martínez 0-0: SINGLE (Line Drive, 6D)
Batting: RHB Phil McCroskey 0-0: Foul Ball, location: 2F
0-1: Swinging Strike
0-2: Ground out 5-3 (Groundball, 25)
Diego Martínez to second
Batting: RHB Alco Compagne 0-0: Ball
1-0: Called Strike
1-1: Ground out 6-3 (Groundball, 6)
Top of the 1st over - 0 runs, 1 hit, 0 errors, 1 left on base; Nebraska 0 - Mancelona 0
BOTTOM OF THE 1ST
Mancelona Torch batting - Pitching for Nebraska Plainsmen : RHP Peter Livengood
Pitching: RHP Peter Livengood
Batting: SHB Ángel Pérez 0-0: Called Strike
0-1: Ball
1-1: Foul Ball, location: 2F
1-2: Foul Ball, location: 2F
1-2: Ball
2-2: Ball
3-2: Ground out 1-3 (Groundball, P)
Batting: RHB José Santos 0-0: Called Strike
0-1: Ball
1-1: Ball
2-1: Ball
3-1: Base on Balls
Batting: RHB Emílio Agramónte 0-0: Foul Ball, location: 2F
0-1: Foul Ball, location: 2F
0-2: Fly out, F8 (Flyball, 8RS)
Batting: RHB Raúl Cicerón 0-0: Ball
1-0: Ball
2-0: Foul Ball, location: 2F
2-1: Swinging Strike
2-2: Strikes out swinging
Bottom of the 1st over - 0 runs, 0 hits, 0 errors, 1 left on base; Nebraska 0 - Mancelona 0
TOP OF THE 2ND
Nebraska Plainsmen batting - Pitching for Mancelona Torch : LHP Raúl Hinojosa
Batting: RHB Gary Mosley 0-0: Foul Ball, location: 2F
0-1: Foul Ball, location: 2F
0-2: Ball
1-2: Ball
2-2: Ball
3-2: DOUBLE (Flyball, 8RXD)
Batting: SHB Jorge Iglésias 0-0: Ground out 4-3 (Groundball, 34)
Gary Mosley to third
Batting: RHB Tomas van Noord 0-0: Called Strike
0-1: Foul Ball, location: 2F
0-2: Ball
1-2: Ball
2-2: Foul Ball, location: 2F
2-2: Fly out, F8 (Flyball, 8RD)
Runner from 3rd tags up, SCORES, throw made
Batting: SHB Amadeo Álvarez 0-0: Fly out, F7 (Flyball, 78M)
Top of the 2nd over - 1 run, 1 hit, 0 errors, 0 left on base; Nebraska 1 - Mancelona 0
BOTTOM OF THE 2ND
Mancelona Torch batting - Pitching for Nebraska Plainsmen : RHP Peter Livengood
Batting: RHB Jeff Mouton 0-0: Swinging Strike
0-1: Called Strike
0-2: Foul Ball, location: 2F
0-2: Ball
1-2: Ball
2-2: Strikes out swinging
Batting: RHB Juan Dávila 0-0: Ball
1-0: SINGLE (Groundball, 56D)
Batting: RHB Dave Norton 0-0: Ball
1-0: Grounds into double play, 6-4-3 (Groundball, 6)
Bottom of the 2nd over - 0 runs, 1 hit, 0 errors, 0 left on base; Nebraska 1 - Mancelona 0
TOP OF THE 3RD
Nebraska Plainsmen batting - Pitching for Mancelona Torch : LHP Raúl Hinojosa
Batting: RHB Ken Barger 0-0: Ball
1-0: Ball
2-0: Foul Ball, location: 2F
2-1: Foul Ball, location: 2F
2-2: Strikes out looking
Batting: LHB Nathan Housden 0-0: Ball
1-0: Called Strike
1-1: Ground out 4-3 (Groundball, 4)
Batting: RHB Diego Martínez 0-0: Ball
1-0: Ball
2-0: Called Strike
2-1: Ball
3-1: Foul Ball, location: 2F
3-2: Fly out, F3 (Popup, 23F)
Top of the 3rd over - 0 runs, 0 hits, 0 errors, 0 left on base; Nebraska 1 - Mancelona 0
BOTTOM OF THE 3RD
Mancelona Torch batting - Pitching for Nebraska Plainsmen : RHP Peter Livengood
Batting: RHB Jur Prokop 0-0: Ball
1-0: Foul Ball, location: 2F
1-1: Foul Ball, location: 2F
1-2: Foul Ball, location: 2F
1-2: Ball
2-2: Foul Ball, location: 2F
2-2: Strikes out swinging
Batting: RHB Alohanani Koora 0-0: Ball
1-0: Bunt missed!
1-1: Foul Ball, location: 2F
1-2: Ball
2-2: SOLO HOME RUN (Flyball, 89XD), Distance : 416 ft
Batting: SHB Ángel Pérez 0-0: Ball
1-0: Ball
2-0: Called Strike
2-1: Ball
3-1: Foul Ball, location: 2F
3-2: Base on Balls
Batting: RHB José Santos 0-0: Ball
1-0: Called Strike
1-1: Fly out, F4 (Popup, 34)
Batting: RHB Emílio Agramónte 0-0: Ball
1-0: Ball
2-0: Fly out, F8 (Flyball, 8LD)
Bottom of the 3rd over - 1 run, 1 hit, 0 errors, 1 left on base; Nebraska 1 - Mancelona 1
TOP OF THE 4TH
Nebraska Plainsmen batting - Pitching for Mancelona Torch : LHP Raúl Hinojosa
Batting: RHB Phil McCroskey 0-0: Foul Ball, location: 2F
0-1: Ball
1-1: Ball
2-1: Called Strike
2-2: Ball
3-2: SINGLE (Groundball, 6M) (infield hit)
Batting: RHB Alco Compagne 0-0: Ball
1-0: Foul Ball, location: 2F
1-1: Swinging Strike
1-2: Ball
2-2: Strikes out swinging
Batting: RHB Gary Mosley 0-0: Foul Ball, location: 2F
0-1: Grounds into double play, 5-4-3 (Groundball, 56)
Top of the 4th over - 0 runs, 1 hit, 0 errors, 0 left on base; Nebraska 1 - Mancelona 1
BOTTOM OF THE 4TH
Mancelona Torch batting - Pitching for Nebraska Plainsmen : RHP Peter Livengood
Batting: RHB Raúl Cicerón 0-0: Ball
1-0: Ball
2-0: Called Strike
2-1: Ball
3-1: Base on Balls
Batting: RHB Jeff Mouton 0-0: Ball
1-0: Swinging Strike
1-1: Ball
2-1: Foul Ball, location: 2F
2-2: Ball
Raúl Cicerón steals 2nd base
3-2: DOUBLE (Line Drive, 8LXD)
Raúl Cicerón scores
Batting: RHB Juan Dávila 0-0: DOUBLE (Flyball, 8LD)
Jeff Mouton scores
Batting: RHB Dave Norton 0-0: Called Strike
0-1: Ball
1-1: SINGLE (Groundball, 4D)
Juan Dávila to third
Runner from 3rd tries for Home, SAFE, no throw
Batting: RHB Jur Prokop 0-0: Ball
1-0: Ground out 6-3 (Groundball, 6S)
Dave Norton to second
Batting: RHB Alohanani Koora 0-0: Ground out U3 (Groundball, 3)
Dave Norton to third
Batting: SHB Ángel Pérez 0-0: Fly out, F2 (Popup, 2LF)
Bottom of the 4th over - 3 runs, 3 hits, 0 errors, 1 left on base; Nebraska 1 - Mancelona 4
TOP OF THE 5TH
Nebraska Plainsmen batting - Pitching for Mancelona Torch : LHP Raúl Hinojosa
Batting: SHB Jorge Iglésias 0-0: Ball
1-0: Foul Ball, location: 2F
1-1: SINGLE (Groundball, 6MD)
Batting: RHB Tomas van Noord 0-0: Reached on error, E3 (Groundball, 23)
Jorge Iglésias to second
Batting: SHB Amadeo Álvarez 0-0: Called Strike
0-1: Ball
1-1: Fielders Choice at 2nd, 6-4 (Groundball, 6)
Jorge Iglésias to third
Batting: RHB Ken Barger 0-0: Ball
1-0: Foul Ball, location: 2F
1-1: Ball
2-1: Swinging Strike
2-2: SINGLE (Groundball, 34D)
Jorge Iglésias scores
Amadeo Álvarez to second
Runner from 2nd tries for 3rd, SAFE, no throw
Batting: LHB Nathan Housden 0-0: Ball
1-0: Ball
2-0: Called Strike
2-1: Foul Ball, location: 2F
2-2: DOUBLE (Line Drive, 8RXD)
Amadeo Álvarez scores
Ken Barger to third
Runner from 3rd tries for Home, SAFE, throw made at trailing runner, OUT at third!
Batting: RHB Diego Martínez 0-0: Called Strike
0-1: Ball
1-1: Ball
2-1: Swinging Strike
2-2: Ground out 5-3 (Groundball, 5S)
Top of the 5th over - 3 runs, 3 hits, 1 error, 0 left on base; Nebraska 4 - Mancelona 4
BOTTOM OF THE 5TH
Mancelona Torch batting - Pitching for Nebraska Plainsmen : RHP Peter Livengood
Batting: RHB José Santos 0-0: Ground out 4-3 (Groundball, 4)
Batting: RHB Emílio Agramónte 0-0: Called Strike
0-1: Fly out, F8 (Line Drive, 8LM)
Batting: RHB Raúl Cicerón 0-0: Ball
1-0: Called Strike
1-1: Foul Ball, location: 2F
1-2: Ball
2-2: Ball
3-2: DOUBLE (Line Drive, 78XD)
Batting: RHB Jeff Mouton 0-0: Ball
1-0: Foul Ball, location: 2F
1-1: Ball
2-1: Ground out 5-3 (Groundball, 56S)
Bottom of the 5th over - 0 runs, 1 hit, 0 errors, 1 left on base; Nebraska 4 - Mancelona 4
TOP OF THE 6TH
Nebraska Plainsmen batting - Pitching for Mancelona Torch : LHP Raúl Hinojosa
Batting: RHB Phil McCroskey 0-0: Ball
1-0: Foul Ball, location: 2F
1-1: Called Strike
1-2: Ball
2-2: Foul Ball, location: 2F
2-2: Strikes out swinging
Batting: RHB Alco Compagne 0-0: Ball
1-0: Called Strike
1-1: Swinging Strike
1-2: Ball
2-2: Foul Ball, location: 2F
2-2: Strikes out swinging
Batting: RHB Gary Mosley 0-0: Foul Ball, location: 2F
0-1: Swinging Strike
0-2: Foul Ball, location: 2F
0-2: Foul Ball, location: 2F
0-2: Foul Ball, location: 2F
0-2: Foul Ball, location: 2F
0-2: Ball
1-2: Ball
2-2: Foul Ball, location: 2F
2-2: Ball
3-2: Strikes out looking
Top of the 6th over - 0 runs, 0 hits, 0 errors, 0 left on base; Nebraska 4 - Mancelona 4
BOTTOM OF THE 6TH
Mancelona Torch batting - Pitching for Nebraska Plainsmen : RHP Peter Livengood
Batting: RHB Juan Dávila 0-0: Fly out, F7 (Flyball, 7)
Batting: RHB Dave Norton 0-0: Ball
1-0: Ball
2-0: Ball
3-0: Called Strike
3-1: Ground out 4-3 (Groundball, 34)
Batting: RHB Jur Prokop 0-0: Called Strike
0-1: Called Strike
0-2: Fly out, F7 (Flyball, 7LS)
Bottom of the 6th over - 0 runs, 0 hits, 0 errors, 0 left on base; Nebraska 4 - Mancelona 4
TOP OF THE 7TH
Nebraska Plainsmen batting - Pitching for Mancelona Torch : LHP Raúl Hinojosa
Pinch Hitting: RHB Tatsui Murakami 0-0: Called Strike
0-1: Ground out U3 (Groundball, 34)
Batting: RHB Tomas van Noord 0-0: Ball
1-0: Ball
2-0: Swinging Strike
2-1: Ball
3-1: Ground out 5-3 (Groundball, 56)
Pinch Hitting: RHB Charles Mackey 0-0: Ball
1-0: Foul Ball, location: 2F
1-1: Ball
2-1: Fly out, F7 (Line Drive, 7S)
Top of the 7th over - 0 runs, 0 hits, 0 errors, 0 left on base; Nebraska 4 - Mancelona 4
BOTTOM OF THE 7TH
Mancelona Torch batting - Pitching for Nebraska Plainsmen : RHP Peter Livengood
Now at 3B: José Durán
Now at SS: Charles Mackey
Pinch Hitting: LHB Badry Maksimenov 0-0: Foul Ball, location: 2F
0-1: Ball
1-1: Foul Ball, location: 2F
1-2: Ball
2-2: Foul Ball, location: 2F
2-2: Ball
3-2: Foul Ball, location: 2F
3-2: SINGLE (Line Drive, 9S)
Batting: SHB Ángel Pérez 0-0: Swinging Strike
0-1: Ball
1-1: Sac Bunt - play at first, batter OUT! 1-4
Badry Maksimenov to second
Batting: RHB José Santos 0-0: Ball
1-0: Swinging Strike
1-1: Ground out 1-3 (Groundball, 13)
Badry Maksimenov to third
Batting: RHB Emílio Agramónte 0-0: Ball
1-0: Called Strike
1-1: 2-RUN HOME RUN (Flyball, 78XD), Distance : 422 ft
Pitching: RHP Darrell Bouwhuis
Batting: RHB Raúl Cicerón 0-0: Called Strike
0-1: Foul Ball, location: 2F
0-2: Ground out 5-3 (Groundball, 56S)
Bottom of the 7th over - 2 runs, 2 hits, 0 errors, 0 left on base; Nebraska 4 - Mancelona 6
TOP OF THE 8TH
Nebraska Plainsmen batting - Pitching for Mancelona Torch : LHP Raúl Hinojosa
Now at 2B: Vilhelm Loyen
Batting: RHB Ken Barger 0-0: Ball
1-0: Foul Ball, location: 2F
1-1: SINGLE (Line Drive, 4D)
Batting: LHB Nathan Housden 0-0: Ball
1-0: Foul Ball, location: 2F
1-1: Ball
2-1: Ball
3-1: Foul Ball, location: 2F
3-2: Foul Ball, location: 2F
3-2: 2-RUN HOME RUN (Flyball, 7LD) (Inside the Park)
Pitching: RHP Enrique Cruz
Pinch Hitting: LHB Richello Mabait 0-0: Called Strike
0-1: Foul Ball, location: 2F
0-2: Ball
1-2: Ball
2-2: SINGLE (Popup, 6MD)
Pinch Runner at 1st Juan Martínez:
Batting: RHB Phil McCroskey 0-0: Ball
1-0: Foul Ball, location: 2F
1-1: Called Strike
1-2: Ball
2-2: Foul Ball, location: 2F
2-2: Foul Ball, location: 2F
2-2: Ball
Juan Martínez is caught stealing 2nd base
3-2: Strikes out looking
Batting: RHB Alco Compagne 0-0: Called Strike
0-1: Swinging Strike
0-2: Fly out, F9 (Flyball, 9)
Top of the 8th over - 2 runs, 3 hits, 0 errors, 0 left on base; Nebraska 6 - Mancelona 6
BOTTOM OF THE 8TH
Mancelona Torch batting - Pitching for Nebraska Plainsmen : RHP Darrell Bouwhuis
Now at 2B: Hal Gast
Batting: RHB Jeff Mouton 0-0: Called Strike
0-1: Called Strike
0-2: Ball
1-2: Ball
2-2: Ball
3-2: Base on Balls
Pinch Hitting: LHB Xuan-ling Chen 0-0: Ball
Jeff Mouton steals 2nd base
1-0: Intentional Walk
Batting: RHB Dave Norton 0-0: Swinging Strike
0-1: Foul Ball, location: 2F
0-2: Ball
1-2: Ball
2-2: Ball
3-2: Foul Ball, location: 2F
3-2: Fly out, F5 (Popup, 6S)
Batting: RHB Jur Prokop 0-0: Fly out, F8 (Flyball, 89D)
Runner from 2nd tags up, SAFE at 3rd, no throw
Batting: RHB Vilhelm Loyen 0-0: Fly out, F9 (Flyball, 89S)
Bottom of the 8th over - 0 runs, 0 hits, 0 errors, 2 left on base; Nebraska 6 - Mancelona 6
TOP OF THE 9TH
Nebraska Plainsmen batting - Pitching for Mancelona Torch : RHP Enrique Cruz
Pitching: LHP Geoffroy Cadaloba
Now at 3B: José Reyes
Batting: RHB Gary Mosley 0-0: Called Strike
0-1: Ground out 6-3 (Groundball, 6S)
Batting: RHB José Durán 0-0: Foul Ball, location: 2F
0-1: Ball
1-1: Called Strike
1-2: Ball
2-2: Ground out 5-3 (Groundball, 5S)
Batting: RHB Tomas van Noord 0-0: Fly out, F9 (Flyball, 9LD)
Top of the 9th over - 0 runs, 0 hits, 0 errors, 0 left on base; Nebraska 6 - Mancelona 6
BOTTOM OF THE 9TH
Mancelona Torch batting - Pitching for Nebraska Plainsmen : RHP Darrell Bouwhuis
Batting: SHB Ángel Pérez 0-0: Ball
1-0: Ball
2-0: Ball
3-0: Base on Balls
Batting: RHB José Santos 0-0: Reached on error, E1 (Groundball, 15)
Ángel Pérez to third
Batting: RHB Emílio Agramónte 0-0: Intentional Walk
Batting: RHB Raúl Cicerón 0-0: Swinging Strike
0-1: Called Strike
0-2: Strikes out looking
Batting: RHB Jeff Mouton 0-0: DOUBLE (Line Drive, 8LXD)
Ángel Pérez scores
Tuesday, June 12th, 2018 - OOTP Baseball 18.8 Build 76